AoeStats
← eriki

Arabia

507954360Analyzed
1v1 RM · 13d ago on Sep 20, 2026· 48m 22s· 2 players
Game mode
Random Map
Map size
Tiny (2 player)
Population
200
Speed
Normal
Resources
Standard
Victory
Conquest
Starting age
Dark Age
Ending age
Imperial Age
RankedLock teamsTeams togetherTeam positionsShared explorationLock speedFull tech treeHidden civsTurbo modeCheats
Victory
Defeat
🇨🇿 Hindustanis · Czechia
784
+14
🇹🇷 Tatars · Türkiye
739
-14
eriki
12:01 Feudal Age
10:47 Loom
23:23 Castle Age
21:24 Stone Mining
22:07 Bloodlines
22:25 Horse Collar
22:34 Double-Bit Axe
22:53 Gold Mining
25:58 Padded Archer Armor
26:41 Husbandry
26:21 Elite Skirmisher
35:30 Scale Barding Armor
42:15 Imperial Age
40:19 Squires
41:24 Forging
41:16 Scale Mail Armor
41:08 Pikeman
43:34 Heavy Camel Rider
jonascz87
6:29 Loom
9:50 Feudal Age
11:26 Double-Bit Axe
21:09 Castle Age
19:49 Horse Collar
21:46 Bloodlines
22:18 Fletching
26:32 Scale Barding Armor
28:30 Husbandry
28:58 Chain Barding Armor
30:12 Scale Mail Armor
30:24 Forging
36:06 Imperial Age
34:15 Wheelbarrow
35:23 Chain Mail Armor
38:55 Hand Cart
39:30 Plate Barding Armor
38:57 Padded Archer Armor
39:57 Bow Saw
40:04 Heavy Camel Rider
42:20 Leather Archer Armor
42:01 Bodkin Arrow
42:42 Iron Casting
45:45 Bracer
Connection lost

Rejoining the realm…

Still unreachable

The connection could not be restored.

Session expired

The server has moved on; the page needs a fresh start.